 Dungeon Crawl Stone Soup version 0.16.0-17-g811c1d7 (webtiles) character file.

1060 Gigax the Ruffian (level 8, -6/81 HPs)
             Began as an Octopode Fighter on Mar 21, 2015.
             Was a Believer of Okawaru.
             Mangled by an ice beast (13 damage)
             ... on level 5 of the Dungeon.
             The game lasted 00:09:53 (6073 turns).

Gigax the Ruffian (Octopode Fighter)                Turns: 6073, Time: 00:09:53

Health: -6/81      AC: 24    Str: 16    XL:     8   Next: 27%
Magic:  8/8        EV:  2    Int: 10    God:    Okawaru [**....]
Gold:   322        SH: 10    Dex: 13    Spells: 0 memorised, 7 levels left

rFire  . . .     SeeInvis .       - Unarmed
rCold  . . .     Clarity  .     c - +1 shield
rNeg   + + +     SustAb   .     (helmet currently unavailable)
rPois  +         Gourm    .     (no amulet)
rElec  .         Spirit   .     l - ring of stealth
rCorr  .         Warding  .     (no ring)
rMut   .         NoTele   +     (no ring)
MR     .....                    (no ring)
Stlth  ++........               (no ring)
                                (no ring)
                                (no ring)
                                (no ring)

@: tree-form, not resistant to hostile enchantments, unstealthy
A: almost no armour, amphibious, 8 rings, (constrict 8), (camouflage 0),
(gelatinous body 0)
a: Heroism, Renounce Religion


You were on level 5 of the Dungeon.
You worshipped Okawaru.
Okawaru was pleased with you.
You were not hungry.
You were a tree.
You visited 1 branch of the dungeon, and saw 5 of its levels.

You collected 322 gold pieces.

Inventory:

Armour
 c - a +1 shield (worn)
Jewellery
 l - a ring of stealth (left branch)
Magical devices
 e - a wand of slowing (24)
 o - a wand of flame (0)
Scrolls
 i - a scroll of fog
 q - 3 scrolls of remove curse
 s - a scroll of enchant weapon
Potions
 b - 5 potions of curing
 f - a potion of poison {unknown}
 k - 3 potions of haste
 m - 3 potions of restore abilities {unknown}
 n - a potion of ambrosia
Comestibles
 a - 8 bread rations
 g - 3 fruits
 h - 3 beef jerkies
 j - a royal jelly
 p - a slice of pizza


   Skills:
 + Level 4.9 Fighting
 + Level 5.1 Dodging
 + Level 5.3 Shields
 * Level 6.2 Unarmed Combat


You had 7 spell levels left.
You didn't know any spells.

Dungeon Overview and Level Annotations

Branches:
Dungeon (5/15)             Temple (0/1) D:4

Altars:
Cheibriados
Fedhas
Nemelex Xobeh
Okawaru
Trog
Yredelemnul


Innate Abilities, Weirdness & Mutations

You cannot wear most types of armour.
You are amphibious.
You can wear up to eight rings at the same time.
((You can use your tentacles to constrict many enemies at once.))
((Your skin changes colour to match your surroundings (Stealth).))
((Your rubbery body absorbs attacks (AC +1).))


Message History

The ice beast hits you.
* * * LOW HITPOINT WARNING * * *
The ice beast freezes you!
* * * LOW HITPOINT WARNING * * *
Huge Dmg: -16%(-9hp) hp: 12%(6hp) Drink which item? (? for menu, Esc to quit)
You turn into a tree.
Your roots penetrate the ground.
The ice beast hits you but does no damage.
You barely miss the ice beast.
The ice beast is severely wounded.
The ice beast hits you but does no damage.
You hit the ice beast but do no damage.
The ice beast is severely wounded.
The ice beast hits you but does no damage.
You barely miss the ice beast.
The ice beast is severely wounded.
The ice beast hits you.
* * * LOW HITPOINT WARNING * * *
The ice beast freezes you!
You die...

...# #.#.# #.#..########.#
#.# ##.#
#.#.###......[......# #.#
#.#####..#.####..###[###.##
#.#
#.......###.###..###[###.##
#.# #######.##
##.##..<........# #.#
.......## ##.#.####..###.#
#.# #######.## ##.##.# #..#
#.###.# ##.###.###Y#
##.###.....# ##.#.## #♣#
#......#### ##.## #.#
###....# ### #.##########.#
#.....#....#.#
#######....#.# #.'.._.#.#
#)#....#.# ##.#....#.#
##.#######.#####


You could see an ice beast.

Vanquished Creatures
  The ghost of Rayvis the Sneak, an experienced DsGl of Okawaru (D:5)
  A phantom (D:4)
  A sky beast (D:5)
  A jelly (D:5)
  2 hounds (D:4)
  An orc priest (D:3)
  5 orc wizards
  A worker ant (D:5)
  Jessica (D:2)
  Terence (D:2)
  4 hound skeletons
  Robin (D:3)
  8 adders
  A gnoll (D:5)
  A giant mite (D:4)
  2 worms
  5 giant geckos
  An ooze (D:3)
  16 orcs
  A ball python (D:1)
  A bat skeleton (D:4)
  3 giant cockroaches
  23 goblins
  13 hobgoblins
  10 kobolds
  2 quokkas (D:3)
  8 bats
  A giant newt (D:1)
  5 jackals (D:3)
  A jackal skeleton (D:5)
  6 rats
128 creatures vanquished.

Notes
Turn   | Place    | Note
--------------------------------------------------------------
     0 | D:1      | Gigax, the Octopode Fighter, began the quest for the Orb.
     0 | D:1      | Reached XP level 1. HP: 16/16 MP: 1/1
   128 | D:1      | Reached XP level 2. HP: 9/21 MP: 2/2
   806 | D:1      | Reached XP level 3. HP: 26/26 MP: 3/3
   975 | D:2      | Found a basalt altar of Yredelemnul.
  1127 | D:2      | Reached XP level 4. HP: 29/31 MP: 4/4
  1248 | D:2      | Noticed Jessica
  1250 | D:2      | Noticed Terence
  1254 | D:2      | Killed Jessica
  1478 | D:2      | Killed Terence
  2116 | D:3      | Noticed Robin
  2150 | D:3      | Reached XP level 5. HP: 33/36 MP: 5/5
  2161 | D:3      | Killed Robin
  2726 | D:3      | Found a sparkling altar of Nemelex Xobeh.
  2983 | D:3      | Reached skill level 4 in Unarmed Combat
  3258 | D:3      | Reached XP level 6. HP: 8/43 MP: 6/6
  3509 | D:3      | Found an iron altar of Okawaru.
  3518 | D:3      | Found a bloodstained altar of Trog.
  3523 | D:3      | Became a worshipper of Warmaster Okawaru
  4423 | D:4      | Reached XP level 7. HP: 48/48 MP: 7/7
  4435 | D:4      | Found a staircase to the Ecumenical Temple.
  4660 | D:5      | Entered Level 5 of the Dungeon
  4676 | D:5      | Reached skill level 5 in Unarmed Combat
  4765 | D:5      | Acquired Okawaru's first power
  4812 | D:5      | Noticed Rayvis' ghost (experienced DsGl)
  5110 | D:5      | Killed Rayvis' ghost
  5110 | D:5      | Reached skill level 5 in Shields
  5281 | D:5      | Reached XP level 8. HP: 50/54 MP: 8/8
  5300 | D:5      | Reached skill level 6 in Unarmed Combat
  5632 | D:5      | Reached skill level 5 in Dodging
  5904 | D:5      | Found a blossoming altar of Fedhas.
  5936 | D:5      | Found a snail-covered altar of Cheibriados.
  6073 | D:5      | Mangled by an ice beast

Action                   |  1- 3 |  4- 6 |  7- 9 || total
-------------------------+-------+-------+-------++-------
Melee: Unarmed           |    66 |   142 |    89 ||   297
Evoke: Wand              |       |     3 |     9 ||    12
  Use: Scroll            |     3 |    11 |     1 ||    15
       Potion            |       |     3 |     3 ||     6
 Stab: Sleeping          |     5 |     3 |     6 ||    14
  Eat: Chunk             |       |    10 |     6 ||    16
